 Dungeon Crawl Stone Soup version 0.31-a0-702-gf82c85558f (webtiles) character file.

Game seed: 108169620753216301

79 qw the Shooter (level 4, -3/30 HPs)
             Began as a Gargoyle Hunter on Sept 8, 2023.
             Frozen to death by an endoplasm (5 damage)
             ... on level 3 of the Dungeon.
             The game lasted 00:00:36 (1464 turns).

qw the Shooter (Gargoyle Hunter)                    Turns: 1464, Time: 00:00:37

Health: -3/30      AC: 10    Str: 18    XL:     4   Next: 38%
Magic:  4/4        EV: 11    Int:  9    God:
Gold:   118        SH:  0    Dex: 14    Spells: 3/3 levels left

rFire   . . .        Y - +0 shortbow
rCold   . . .        (shield currently unavailable)
rNeg    + . .        d - +0 ring mail
rPois   inf          (helmet restricted)
rElec   +            (no cloak)
rCorr   .            (no gloves)
SInv    .            (no boots)
Will    .....        (no amulet)
Stlth   +            (no ring)
HPRegen 0.25/turn    (no ring)
MPRegen 0.09/turn

%: no passive effects
@: about to teleport
A: sickness immunity, AC +3, negative energy resistance 1, electricity
resistance, torment resistance 1, petrification resistance, antennae 1,
iridescent scales 1, robust 1, strong 1
a: no special abilities


You were on level 3 of the Dungeon.
You visited 1 branch of the dungeon, and saw 3 of its levels.

You collected 118 gold pieces.


Innate Abilities, Weirdness & Mutations

You are immune to sickness and miasma.
Your stone body is resilient. (AC +3)
You are immune to poison.
You resist negative energy. (rN+)
You are resistant to electric shocks. (rElec)
You are resistant to unholy torment.
You are immune to petrification.
You have a pair of small antennae on your head.
You are partially covered in iridescent scales. (AC +2)
You are robust. (+10% HP)
Your muscles are strong. (Str +4, Int/Dex -1)


   Skills:
 - Level 3.0 Fighting
 + Level 5.2 Ranged Weapons
 - Level 1.2 Armour
 - Level 1.5 Dodging
 - Level 1.1 Stealth


You had 3 spell levels left.
You didn't know any spells.
Your spell library was empty.

Inventory:

Hand Weapons
 Y - a +0 shortbow (weapon)
Armour
 d - a +0 ring mail (worn)
Scrolls
 i - a scroll of identify
Potions
 b - a potion of cancellation {unknown}
 c - a potion of might {unknown}
 f - a potion of degeneration {unknown}
 j - 3 potions of mutation
 l - a potion of heal wounds {unknown}

Dungeon Overview and Level Annotations

Branches:
Dungeon (3/15)

Altars:
Uskayaw

Annotations:
D:3 Grinder


Message History

You shoot an arrow. The arrow closely misses the gnoll.
The gnoll barely misses you.
The endoplasm hits you but does no damage.
You shoot an arrow. The arrow barely misses the gnoll.
The gnoll hits you but does no damage.
An orc comes into view. It is wielding a +0 club.
The endoplasm freezes you.
You are frozen.
The gnoll hits you with a +0 whip. The endoplasm freezes you.
You are frozen.
You shoot an arrow. The arrow hits the gnoll.
The gnoll is lightly wounded.
The gnoll hits you with a +0 whip. The endoplasm hits you.
1461 |||
Found retreat position at 6,3 (floor) with 0 blocking monsters and 4 monsters attacking at destination at distance 6
1461 ||| Stepping ~*~*~tactically~*~*~ (retreating). 2 gnolls and an orc priest come into view.
A gnoll is wielding a +0 whip.
The orc priest is wielding a +2 dagger of holy wrath.
The gnoll shouts!
The orc priest shouts!
The gnoll attacks as it pursues you! The gnoll hits you with a +0 whip.
Grinder blinks!
The endoplasm freezes you.
You are frozen.
The gnoll attacks as it pursues you! The gnoll closely misses you.
The orc priest moves out of view.
You shoot an arrow. The arrow closely misses the gnoll.
The arrow hits the gnoll.
The gnoll is lightly wounded.
The endoplasm hits you but does no damage.
The gnoll hits you but does no damage.
You shoot an arrow. The arrow barely misses the gnoll.
The endoplasm hits you but does no damage.
The gnoll hits you from afar with a +0 halberd.
The orc priest looks encouraged for a moment.
The gnoll hits you with a +0 whip.
1464 ||| READING scroll of teleportation.
As you read the scroll of teleportation, it crumbles to dust.
You feel strangely unstable. The orc hits you with a +0 club.
The gnoll barely misses you. The endoplasm freezes you.
You are frozen.
You die...

... ##. #...##
...##.. #.....#
....... .......
#...... .......
#<..... .......
......$##.....!.
.......gg.......
#....ggo@.......
..~.o.#.J.......
#...# ###.......
... ......# 5
.#...## ..####
#. ..


You could see an orc priest, 4 gnolls, an orc and an endoplasm.

Vanquished Creatures
  A gnoll (D:1)
  2 adders (D:2)
  A worm (D:2)
  A dart slug (D:1)
  An endoplasm (D:2)
  4 giant cockroaches
  5 goblins
  9 hobgoblins
  7 jackals
  3 kobolds (D:2)
  A quokka (D:1)
  2 ball pythons (D:1)
  A bat (D:1)
  3 frilled lizards
41 creatures vanquished.

Notes
Turn   | Place    | Note
-------+----------+-------------------------------------------
     0 | D:1      | qw the Gargoyle Hunter began the quest for the Orb.
     0 | D:1      | Reached XP level 1. HP: 12/12 MP: 1/1
     0 | D:1      | 0 ||| qw: Version: 0.3-a-76-g4403597
     0 | D:1      | 0 ||| qw: Game counter: 1105
     0 | D:1      | 0 ||| qw: Melee chars always use a shield: true
     0 | D:1      | 0 ||| qw: God list: Okawaru
     0 | D:1      | 0 ||| qw: Allow faded altars: false
     0 | D:1      | 0 ||| qw: Do Orc after clearing Dungeon:15 true
     0 | D:1      | 0 ||| qw: Do second Lair branch before Depths: true
     0 | D:1      | 0 ||| qw: Lair rune preference: random
     0 | D:1      | 0 ||| qw: Goals: Normal
     0 | D:1      | 0 ||| PLANNING D:1-11
    59 | D:1      | Reached XP level 2. HP: 17/17 MP: 2/2
   368 | D:1      | Reached skill level 5 in Ranged Weapons
   368 | D:1      | Reached XP level 3. HP: 21/21 MP: 3/3
   670 | D:1      | Found a hide-covered altar of Uskayaw.
   674 | D:1      | 674 ||| UPGRADING to +0 ring mail.
   684 | D:1      | 684 ||| DROPPING +0 leather armour.
   685 | D:1      | 685 ||| READING 2 scrolls labelled OCSUNE KUGH.
   688 | D:1      | 688 ||| READING scroll labelled ACODAESUUBBA.
   689 | D:1      | 689 ||| READING scroll labelled EFUJUM FITY.
   790 | D:1      | 790 ||| READING 2 scrolls labelled IMAOM EGIL.
   791 | D:1      | 791 ||| READING scroll labelled YXKOEN JILEOLUKKU.
   792 | D:1      | 792 ||| DRINKING 2 fizzy purple potions.
   792 | D:1      | Gained mutation: You have a pair of small antennae on your
                  | head. [potion of mutation]
   792 | D:1      | Gained mutation: You are partially covered in iridescent
                  | scales. (AC +2) [potion of mutation]
   792 | D:1      | Gained mutation: Your muscles are strong. (Str +4, Int/Dex
                  | -1) [potion of mutation]
   792 | D:1      | Gained mutation: You are robust. (+10% HP) [potion of
                  | mutation]
   797 | D:1      | 797 ||| DROPPING scroll of butterflies.
  1004 | D:2      | Reached skill level 1 in Armour
  1004 | D:2      | Reached XP level 4. HP: 29/29 MP: 4/4
  1055 | D:2      | Found a faded altar of an unknown god.
  1330 | D:2      | Reached skill level 3 in Fighting
  1444 | D:2      | 1444 ||| READING scroll labelled JID WULORIKHIDGH.
  1453 | D:3      | Noticed Grinder
  1454 | D:3      | 1454 ||| Stepping ~*~*~tactically~*~*~ (outnumbered).
  1461 | D:3      | 1461 ||| Stepping ~*~*~tactically~*~*~ (retreating).
  1463 | D:3      | HP: 5/30 [gnoll/+0 whip (3)]
  1464 | D:3      | 1464 ||| READING scroll of teleportation.
  1464 | D:3      | HP: 2/30 [orc/+0 club (4)]
  1464 | D:3      | Frozen to death by an endoplasm

Levels and vault maps discovered:
D:1:      dpeg_arrival_water_altar, layout_loops_ring
D:2:      layout_basic, hellmonk_ecumenical_altar_dog_temple
D:3:      layout_rooms, mainiacjoe_overflow_tiny_flanked,
          nicolae_hepliaklqana_hazy_memory, dreamdust_princess_corridor,
          serial_park_tiny_pond, nicolae_kite_square_tiling_tiny, uniq_natasha,
          uniq_grinder

Skill      XL: |  1  2  3  4 |
---------------+-------------+-----
Ranged Weapons | 5 |  5.2
Armour         | 1 |  1.2
Fighting       | 3 |  3.0
Dodging        | |  1.5
Stealth        | |  1.1

Action                     |  1- 3 |  4- 6 || total
---------------------------+-------+-------++-------
   Fire: Shortbow          |   100 |    42 ||   142
    Use: Scroll            |     5 |     2 ||     7
         Potion            |     1 |       ||     1
 Armour: Leather armour    |    35 |       ||    35
         Ring mail         |     3 |    20 ||    23
  Dodge: Dodged            |    36 |    13 ||    49

Table legend:
 A = Non-vault XP
 B = Vault XP
 C = Vault XP percentage of total XP
 D = Non-vault monster count
 E = Vault monster count
 F = Vault count percentage of total count
                 A         B        C        D         E       F
            +---------+---------+-------+---------+---------+-------
      Total |     110 |       4 |   3.5 |      39 |       2 |   4.9
            +---------+---------+-------+---------+---------+-------
        D:1 |      63 |       0 |   0.0 |      27 |       0 |   0.0
        D:2 |      47 |       4 |   7.8 |      12 |       2 |  14.3
            +---------+---------+-------+---------+---------+-------
